 Dungeon Crawl Stone Soup version 0.30-a0-737-gf23d94013f (webtiles) character file.

Game seed: 2910254121998786464

597 Leeroy the Magician (level 7, -7/34 HPs)
             Began as a Vine Stalker Warper on Feb 2, 2023.
             Mangled by a killer bee (8 damage)
             ... on level 4 of the Dungeon.
             The game lasted 00:04:23 (3965 turns).

Leeroy the Magician (Vine Stalker Warper)           Turns: 3965, Time: 00:04:24

Health: -7/34      AC:  3    Str: 14    XL:     7   Next: 40%
Magic:  0/19       EV: 11    Int: 13    God:
Gold:   273        SH:  0    Dex: 15    Spells: 12/21 levels left

rFire   . . .      SeeInvis .    n - +1 short sword (speed)
rCold   . . .      Faith    +    (no shield)
rNeg    . . .      Spirit   +    b - +0 leather armour
rPois   +          Reflect  .    (no helmet)
rElec   .          Harm     .    (no cloak)
rCorr   .          Rampage  .    (no gloves)
Will    .....                    (no boots)
Stlth   +                        e - amulet of faith
HPRegen 1.05/turn                q - ring of poison resistance
MPRegen 0.16/turn                z - ring of flight

@: flying, hasted, very quick
A: fangs 2, regeneration 1, magic shield, antimagic bite, no potion heal 2
a: no special abilities


You were on level 4 of the Dungeon.
You visited 1 branch of the dungeon, and saw 5 of its levels.

You collected 273 gold pieces.

Inventory:

Hand Weapons
 a - a +0 falchion
 n - a +1 short sword of speed (weapon)
 u - a +0 rapier
 w - a +1 dagger of holy wrath
Missiles
 d - 7 boomerangs of dispersal (quivered)
 y - 11 poisoned darts
Armour
 b - a +0 leather armour (worn)
Jewellery
 e - an amulet of faith (around neck)
 q - a ring of poison resistance (left hand)
 z - a ring of flight (right hand)
 B - a ring of positive energy
 C - a ring of positive energy
Scrolls
 f - 2 scrolls of noise {unknown}
 g - a scroll of acquirement {unknown}
 h - 9 scrolls of identify {unknown}
 i - a scroll of amnesia {unknown}
 j - 3 scrolls of vulnerability {unknown}
 o - a scroll of teleportation {unknown}
 p - a scroll of enchant armour {unknown}
 t - 2 scrolls of poison {unknown}
 A - a scroll of torment {unknown}
Potions
 k - a potion of mutation {unknown}
 l - 2 potions of lignification {unknown}
 m - 3 potions of might {unknown}
 r - 3 potions of haste
 s - 4 potions of magic {unknown}
 v - a potion of cancellation {unknown}
 x - a potion of curing {unknown}
 D - a potion of attraction {unknown}


   Skills:
 - Level 1.7 Fighting
 - Level 3.0 Long Blades
 - Level 0.8 Throwing
 - Level 0.7 Armour
 - Level 1.5 Dodging
 + Level 7.6 Spellcasting
 - Level 3.0 Translocations


You had 12 spell levels left.
You knew the following spells:

 Your Spells              Type           Power      Damage    Failure   Level
a - Blink                 Tloc           24%        N/A       9%          2
b - Vhi's Electric Charg  Tloc/Air       16%        N/A       30%         3
c - Manifold Assault      Tloc           12%        N/A       47%         4

Your spell library contained the following spells:

 Spells                   Type           Power      Damage    Failure   Level
 Lesser Beckoning         Tloc           24%        N/A       9%          2
 Teleport Other           Tloc           12%        N/A       16%         3
 Beastly Appendage        Tmut           8%         N/A       19%         1
 Magic Dart               Conj           16%        1d3       19%         1
 Call Imp                 Summ           4%         N/A       28%         2
 Wereblood                Tmut           4%         N/A       28%         2
 Frozen Ramparts          Ice            8%         1d2       50%         3
 Mephitic Cloud           Conj/Pois/Air  4%         N/A       50%         3
 Spider Form              Tmut/Pois      4%         N/A       50%         3
 Ice Form                 Ice/Tmut       4%         N/A       88%         4
 Summon Ice Beast         Ice/Summ       4%         N/A       88%         4
 Summon Forest            Summ/Tloc      4%         N/A       95%         5
 Eringya's Noxious Bog    Tmut/Pois      2%         N/A       100%        6
 Summon Hydra             Summ           2%         N/A       100%        7


Dungeon Overview and Level Annotations

Branches:
Dungeon (5/15)
 Temple: D:4-7

Altars:
Elyvilon
Yredelemnul

Shops:
D:2 *


Innate Abilities, Weirdness & Mutations

You have extremely sharp teeth.
Your natural rate of healing is unusually fast.
When hurt, damage is shared between your health and your magic reserves.
Your bite disrupts and absorbs the magic of your enemies.
Potions cannot restore your health.


Message History

You barely miss the killer bee. Your bite misses the killer bee.
The killer bee is heavily wounded.
You feel sick. The killer bee stings you!
* * * LOW HITPOINT WARNING * * *
You hit the killer bee.
The killer bee is almost dead.
The killer bee stings you.
* * * LOW HITPOINT WARNING * * *
Blink to where?
Press: ? - help, Dir - move target
As you read the scroll of blinking, it crumbles to dust.
You feel sick.
You feel sick.
You feel sick.
You are no longer poisoned.
The killer bee attacks as you move away!
The killer bee stings you!
* * * LOW HITPOINT WARNING * * *
The killer bee attacks as you move away!
The killer bee closely misses you. The killer bee completely misses you.
You feel yourself speed up. The killer bee stings you.
* * * LOW HITPOINT WARNING * * *
The killer bee closely misses you.
You hit the killer bee.
The killer bee is almost dead.
The killer bee stings you but does no damage.
You hit the killer bee but do no damage.
Your bite misses the killer bee.
The killer bee is almost dead.
The killer bee barely misses you.
You closely miss the killer bee. Your bite misses the killer bee.
The killer bee is almost dead.
The killer bee completely misses you.
You hit the killer bee.
You kill the killer bee!
The killer bee stings you.
* * * LOW HITPOINT WARNING * * *
The killer bee misses you. The killer bee barely misses you.
The killer bee stings you!
You die...

..# #.##.# #.............# ..#
#.##.# ####.########.#
..#####.##.# #.# #.#
...........###########.# #.#
#.#####...............<# ##.#
#.#####.##############.# #...
#........# ### #..# #.##
#........# ####.#####..#######.#
#........###...y@..............#
...........#.##y#####.##########
..#####.#.......# #.# ..#
#.#..#.##.# #.# ..## #.#..#.##.#
#.# ...# ##.#..#.##.# #.#
...###..#..#.##.#####.#
.....#.##y............#
....<.y.........#######


You could see 2 killer bees.

Vanquished Creatures
  Sigmund (D:2)
  A scorpion (D:4)
  A killer bee (D:4)
  A hound (D:4)
  Jessica (D:2)
  Natasha (thrice) (D:3)
  Terence (D:3)
  An iguana (D:4)
  A gnoll (D:3)
  6 adders
  A worm (D:4)
  4 dart slugs
  5 bats
  3 endoplasms
  3 giant cockroaches
  5 goblins
  10 hobgoblins
  8 jackals
  3 quokkas
  8 ball pythons
  5 frilled lizards
  4 kobolds
  4 rats
80 creatures vanquished.

Notes
Turn   | Place    | Note
-------+----------+-------------------------------------------
     0 | D:1      | Leeroy the Vine Stalker Warper began the quest for the Orb.
     0 | D:1      | Reached XP level 1. HP: 11/11 MP: 4/4
    87 | D:1      | Reached XP level 2. HP: 13/15 MP: 6/6
   411 | D:1      | Found a faded altar of an unknown god.
   699 | D:2      | Found Esoep's General Store.
   722 | D:2      | You fall into a shaft and drop 1 floor!
   736 | D:3      | Reached XP level 3. HP: 15/18 MP: 5/7
   807 | D:3      | Reached skill level 3 in Spellcasting
   923 | D:3      | Noticed Terence
   943 | D:3      | Killed Terence
   944 | D:3      | Gained mutation: Your natural rate of healing is unusually
                  | fast. [Vine Stalker growth]
   944 | D:3      | Reached XP level 4. HP: 7/23 MP: 2/10
  1089 | D:3      | Found a white marble altar of Elyvilon.
  1209 | D:3      | Noticed Natasha
  1215 | D:3      | Reached skill level 4 in Spellcasting
  1231 | D:3      | Killed Natasha
  1232 | D:3      | Reached XP level 5. HP: 20/26 MP: 6/12
  1307 | D:3      | Found a basalt altar of Yredelemnul.
  1613 | D:3      | Noticed Natasha
  1646 | D:2      | Learned a level 2 spell: Blink
  1650 | D:2      | Learned a level 3 spell: Vhi's Electric Charge
  1655 | D:2      | Learned a level 4 spell: Manifold Assault
  1921 | D:2      | Noticed Jessica
  1931 | D:2      | Killed Jessica
  2063 | D:2      | Reached skill level 5 in Spellcasting
  2086 | D:2      | Noticed Sigmund
  2100 | D:2      | Killed Sigmund
  2101 | D:2      | Reached skill level 6 in Spellcasting
  2101 | D:2      | Reached XP level 6. HP: 23/30 MP: 12/16
  2335 | D:3      | Killed Natasha
  2892 | D:3      | Noticed Natasha
  2905 | D:3      | Killed Natasha
  3119 | D:4      | Reached XP level 7. HP: 29/34 MP: 18/18
  3337 | D:4      | Reached skill level 7 in Spellcasting
  3864 | D:5      | Entered Level 5 of the Dungeon
  3958 | D:4      | HP: 1/34 [killer bee (6)]
  3965 | D:4      | HP: 1/34 [killer bee (3)]
  3965 | D:4      | Mangled by a killer bee

Illustrated notes

Levels and vault maps discovered:
D:1:      evilmike_arrival_hilbert_curve, layout_basic, basic_ecumenical_altar
D:2:      layout_basic, serial_shops, nicolae_shop_window_shopping,
          uniq_jessica, uniq_sigmund
D:3:      layout_loops_ring, mainiacjoe_overflow_tiny_flanked,
          amcnicky_altar_gilded, minmay_ruptured, uniq_natasha, uniq_terence
D:4:      layout_basic
D:5:      layout_rooms, nicolae_qazlal_style_of_elements,
          minmay_temple_entry_statues_fountains, kennysheep_path_1

Skill      XL: |  1  2  3  4  5  6  7 |
---------------+----------------------+-----
Long Blades    | 2 3 |  3.0
Spellcasting   | 3 4 6 7 |  7.6
Fighting       | |  1.7
Throwing       | |  0.8
Armour         | |  0.7
Dodging        | |  1.5
Translocations | |  3.0

Action                     |  1- 3 |  4- 6 |  7- 9 || total
---------------------------+-------+-------+-------++-------
  Melee: Falchion          |    23 |       |       ||    23
         Bite              |    20 |    56 |    13 ||    89
         Short sword       |    69 |   165 |    79 ||   313
         Punch             |     2 |     1 |     2 ||     5
    Use: Scroll            |       |       |     1 ||     1
         Potion            |       |       |     1 ||     1
   Stab: Sleeping          |     1 |       |     1 ||     2
 Armour: Leather armour    |    14 |    22 |    12 ||    48
  Dodge: Dodged            |    37 |    61 |    50 ||   148

Table legend: (Time is in decaauts)
 A = Elapsed time spent in this place.
 B = Non-inter-level travel time spent in this place.
 C = Inter-level travel time spent in this place.
 D = Time resting spent in this place.
 E = Time spent auto-exploring this place.
 F = Levels seen in this place.
 G = Mean time per level.
                   A        B        C        D        E       F      G
               +--------+--------+--------+--------+--------+-----+--------+
         Total |   3825 |   3477 |    348 |    386 |   2520 |   5 |  765.0 |
       Dungeon |   3825 |   3477 |    348 |    386 |   2520 |   5 |  765.0 |
               +--------+--------+--------+--------+--------+-----+--------+

Top non-repeatable levels by time:
     D:3: 1501 daAuts
     D:4: 955 daAuts
     D:2: 682 daAuts
     D:1: 675 daAuts
     D:5: 10 daAuts
